Map: Pillars of Gold LE

Players

Osiris

  • Race: Terran Terran
  • Spawn Location: 7:00

BeardedOne - Winner!

  • Race: Zerg Zerg
  • League: Master
  • Spawn Location: 1:00

VOD

Have the link to the VOD?

Description

Time

  • Played on: Jan. 26, 2021, 3:47 a.m.
  • Length: 14:21
Show
View Real Time Build Order
Export as new Build Order

Osiris Terran 

Build Orders: Reaper Expand 

Get SALT Encoding   

  12  0:00  SCV  
  13  0:12  SCV  
  14  0:17  Supply Depot  
  14  0:24  SCV  
  15  0:39  SCV  
  15  0:40  Barracks  
  16  0:45  Refinery  
  16  0:51  SCV  
  17  1:03  SCV  
  18  1:15  SCV  
  19  1:27  Orbital Command, Reaper  
  20  1:43  Command Center  
  20  1:52  Supply Depot  
  20  1:55  SCV  
  20  1:59  Marine  
  22  2:08  Bunker  
  22  2:19  Command Center  
  22  2:22  Factory  
  21  2:27  Marine  
  21  2:28  SCV  
  23  2:40  SCV  
  24  2:46  Marine  
  24  2:47  Refinery  
  25  2:53  SCV  
  26  3:05  SCV, Marine  
  28  3:06  Factory Reactor  
  28  3:09  Starport  
  28  3:22  Engineering Bay  
  28  3:23  Engineering Bay, Marine  
  28  3:25  SCV  
  30  3:31  Orbital Command  
  30  3:43  Hellion x2  
  34  3:51  Starport Tech Lab  
  34  3:53  SCV  
  35  3:58  SCV  
  36  4:04  Hellion  
  36  4:05  SCV  
  36  4:07  Hellion  
  41  4:13  Banshee  
  43  4:19  Marine  
  44  4:32  SCV  
  44  4:34  Cloaking Field  
  44  4:38  Marine  
  46  4:43  Supply Depot  
  46  4:54  Command Center  
  46  5:03  Supply Depot  
  46  5:05  Banshee  
  49  5:07  Orbital Command  
  49  5:26  Hellion x2  
  49  5:28  Barracks Reactor  
  53  5:29  Supply Depot x2  
  53  5:36  SCV  
  53  5:38  Supply Depot  
  53  5:39  SCV  
  53  5:40  Bunker  
  55  5:42  Supply Depot  
  55  5:57  Refinery  
  55  5:58  Refinery  
  55  6:00  SCV  
  55  6:02  Hellion x2  
  55  6:03  Hyperflight Rotors  
  60  6:07  Orbital Command  
  60  6:10  SCV  
  61  6:12  SCV  
  62  6:19  Banshee  
  62  6:22  SCV  
  62  6:24  SCV  
  67  6:28  Barracks Tech Lab  
  67  6:30  Factory  
  67  6:34  SCV, Factory  
  67  6:35  SCV  
  69  6:49  Hellion  
  69  6:50  Hellion, SCV  
  69  6:51  SCV  
  75  7:04  Banshee  
  75  7:08  Missile Turret  
  78  7:11  Missile Turret  
  78  7:14  Missile Turret  
  76  7:22  Widow Mine  
  74  7:23  Widow Mine  
  74  7:25  Factory Tech Lab  
  70  7:31  Cyclone, Missile Turret  
  70  7:32  Mag-Field Accelerator  
  70  7:34  Missile Turret  
  73  7:43  Widow Mine  
  77  7:44  Widow Mine  
  77  7:46  Widow Mine x2  
  77  7:51  SCV x2  
  82  7:52  SCV  
  82  7:55  Missile Turret  
  84  8:03  SCV x2  
  84  8:04  SCV  
  81  8:05  Cyclone  
  82  8:14  Hellion x2  
  82  8:19  SCV, Factory  
  87  8:21  SCV  
  88  8:40  Orbital Command  
  87  8:46  Widow Mine x2  
  90  8:51  Widow Mine  
  90  8:52  Widow Mine, Cyclone  
  97  9:02  Factory  
  97  9:05  Missile Turret x2  
  97  9:08  Supply Depot, Missile Turret  
  97  9:13  Cyclone  
  100  9:18  Supply Depot  
  100  9:19  Hellion x4, Supply Depot  
  100  9:21  Supply Depot  
  107  9:38  Armory  
  107  9:42  Cyclone  
  107  9:43  Hellion x2  
  114  9:54  Cyclone  
  114  9:55  Factory Tech Lab  
  114  9:56  Hellion x2  
  121  10:08  Orbital Command  
  121  10:10  Hellion x2  
  121  10:11  SCV  
  121  10:12  SCV  
  127  10:14  Cyclone  
  127  10:17  Hellion  
  127  10:19  Cyclone  
  135  10:21  Refinery  
  135  10:24  Missile Turret  
  135  10:26  Armory  
  135  10:27  Missile Turret x2  
  138  10:28  Cyclone  
  138  10:32  Hellion  
  138  10:34  SCV  
  141  10:56  Hellion  
  140  10:57  SCV  
  140  11:11  Supply Depot  
  140  11:13  Hellion, Cyclone, Supply Depot  
  140  11:14  Hellion x2, Cyclone x2  
  140  11:16  Supply Depot  
  140  11:17  Supply Depot  
  140  11:18  Hellion  
  147  11:35  Hellion  
  147  11:36  Hellion  
  148  11:44  Command Center, Hellion x2  
  148  11:45  Terran Vehicle And Ship Armor Level 1, Cyclone, Terran Vehicle Weapons Level 1  
  148  11:46  Cyclone, Infernal Pre-Igniter  
  152  11:47  Drilling Claws  
  152  11:58  Siege Tank  
  152  11:59  Hellion x2  
  136  12:12  Widow Mine, Hellion  
  123  12:17  Hellion  
  123  12:18  Cyclone  
  123  12:20  Hellion x2  
  97  12:30  Cyclone  
  97  12:33  Hellion  
  97  12:34  Hellion  
  97  12:38  Siege Tank  
  98  12:45  Hellion x2  
  98  12:50  Cyclone  
  90  12:55  Hellion x2  
  94  13:03  Hellion  
  81  13:06  Hellion x2  
  81  13:09  Orbital Command  
  72  13:24  Hellion x3, Siege Tank  
  73  13:38  Siege Tank  
  74  13:42  Orbital Command  
  74  13:47  Siege Tank  
  77  13:55  Hellion  
  71  13:57  SCV  
Show
View Real Time Build Order
Export as new Build Order

BeardedOne Zerg - Winner!

Build Orders: Pool First, Lurkers 

Get SALT Encoding   

  12  0:00  Drone  
  13  0:08  Drone  
  14  0:16  Extractor, Drone  
  14  0:34  Spawning Pool  
  13  0:38  Drone  
  14  0:44  Extractor  
  14  0:45  Drone  
  15  0:54  Overlord  
  15  1:13  Drone  
  16  1:20  Metabolic Boost  
  16  1:22  Zergling x4  
  16  1:24  Zergling x2  
  19  1:34  Zergling x2  
  20  1:51  Hatchery  
  20  1:53  Drone  
  20  2:00  Queen  
  22  2:11  Overlord  
  22  2:14  Extractor  
  21  2:16  Zergling x2  
  23  2:29  Drone x2  
  25  2:41  Drone  
  26  2:52  Drone  
  27  3:00  Drone  
  27  3:04  Overlord, Queen  
  27  3:05  Roach Warren  
  29  3:09  Queen  
  29  3:11  Drone  
  32  3:15  Drone  
  34  3:20  Drone  
  34  3:23  Drone  
  34  3:26  Drone  
  36  3:30  Drone  
  36  3:32  Drone  
  37  3:39  Drone x2  
  39  3:59  Drone  
  39  4:00  Drone x3  
  43  4:12  Overlord x2  
  43  4:21  Overlord  
  43  4:23  Lair  
  43  4:25  Hatchery, Extractor  
  43  4:30  Drone  
  43  4:31  Drone x4  
  46  4:32  Drone  
  46  4:36  Drone x2  
  49  4:39  Drone  
  49  4:43  Extractor  
  49  4:44  Extractor  
  48  4:46  Drone x2  
  48  4:48  Drone  
  48  4:49  Drone  
  52  4:59  Drone  
  54  5:00  Drone x2  
  54  5:06  Queen  
  57  5:08  Drone x4  
  57  5:10  Spore Crawler  
  60  5:19  Spore Crawler  
  59  5:22  Spore Crawler  
  59  5:25  Spire  
  57  5:30  Drone  
  57  5:31  Spore Crawler, Drone  
  58  5:36  Overseer  
  58  5:38  Queen  
  60  5:54  Drone x2  
  60  5:55  Drone x8  
  70  5:57  Drone  
  70  5:59  Drone  
  70  6:00  Drone  
  73  6:16  Spore Crawler  
  72  6:22  Overlord x2  
  72  6:23  Overlord  
  72  6:33  Overlord  
  72  6:36  Extractor  
  72  6:37  Extractor  
  72  6:38  Mutalisk  
  72  6:41  Drone  
  72  6:42  Drone x2  
  72  6:43  Drone x3  
  76  6:47  Drone x8  
  76  6:48  Drone x3  
  86  6:57  Mutalisk  
  83  7:07  Mutalisk  
  83  7:08  Mutalisk x5  
  89  7:26  Drone  
  89  7:27  Drone x6  
  89  7:28  Drone x2  
  98  7:39  Mutalisk x3  
  104  7:45  Spore Crawler  
  104  7:46  Mutalisk  
  104  7:49  Zergling x2  
  106  8:04  Overlord  
  106  8:06  Overlord x2  
  106  8:12  Evolution Chamber x2  
  106  8:14  Roach Warren  
  106  8:18  Drone  
  106  8:19  Drone x2  
  106  8:29  Hatchery  
  106  8:30  Mutalisk  
  106  8:31  Mutalisk x8  
  121  8:50  Drone  
  121  8:51  Drone x8  
  121  8:55  Overlord, Zerg Missile Weapons Level 1, Zerg Ground Armor Level 1  
  130  8:56  Overlord x3  
  129  9:11  Drone  
  129  9:13  Overlord x4  
  130  9:17  Hydralisk Den  
  130  9:18  Drone x3, Infestation Pit  
  131  9:35  Drone  
  131  9:36  Drone x4  
  136  9:40  Extractor  
  136  9:41  Extractor  
  136  9:45  Drone x3, Spine Crawler x2  
  135  9:46  Glial Reconstitution, Spine Crawler  
  135  9:47  Spine Crawler, Roach  
  135  9:48  Roach  
  135  9:51  Muscular Augments  
  135  9:52  Overlord x2  
  137  9:59  Spine Crawler  
  136  10:00  Roach x2, Spine Crawler  
  136  10:01  Roach, Spine Crawler  
  136  10:02  Spine Crawler  
  139  10:08  Roach x2  
  139  10:10  Roach  
  139  10:13  Roach  
  147  10:17  Roach x2  
  151  10:22  Spine Crawler  
  151  10:26  Roach x6  
  162  10:30  Overlord  
  162  10:34  Hive  
  162  10:42  Spore Crawler  
  159  10:48  Drone x4  
  161  10:50  Pneumatized Carapace  
  161  10:51  Hydralisk x5  
  161  10:52  Hydralisk x4  
  179  11:02  Grooved Spines  
  169  11:08  Overseer x3  
  169  11:09  Hydralisk x9  
  169  11:10  Hydralisk  
  187  11:15  Spore Crawler x2  
  187  11:16  Spore Crawler  
  184  11:18  Hydralisk  
  184  11:19  Hydralisk x3  
  189  11:29  Drone x3  
  189  11:30  Drone x4  
  189  11:32  Drone  
  192  11:33  Drone  
  191  11:59  Hatchery  
  190  12:02  Lurker Den  
  147  12:08  Hydralisk  
  147  12:09  Hydralisk x11  
  159  12:18  Hydralisk x3  
  159  12:19  Hydralisk  
  157  12:23  Hydralisk x2  
  157  12:24  Hydralisk  
  149  12:35  Hydralisk  
  149  12:36  Hydralisk x4  
  145  12:37  Overseer  
  145  12:38  Zergling x2  
  145  12:39  Zergling x4  
  126  13:06  Zergling x8  
  126  13:07  Zergling x12  
  131  13:26  Zergling x12  
  135  13:45  Lurker x10  
  135  13:47  Hydralisk  
Tags
 
Add a new tag
Caveats
  • Supply blocks, unpowered buildings, or Contaminate may cause inaccurate times.
  • Supply counts are checked every 10 seconds.